Map: Frozen Temple

Players

Fropez

  • Race: Protoss Protoss
  • League: Silver
  • Spawn Location: 5:00

Johnnyboy - Winner!

  • Race: Zerg Zerg
  • League: Gold
  • Spawn Location: 11:00

VOD

Have the link to the VOD?

Description

Time

  • Played on: May 23, 2016, 10:35 p.m.
  • Length: 15:03
Show
View Real Time Build Order
Export as new Build Order

Fropez Protoss 

Build Orders:  

Get SALT Encoding   

  12  0:01  Probe (Chrono Boost)  
  13  0:14  Pylon  
  13  0:19  Probe (Chrono Boost)  
  14  0:26  Assimilator  
  14  0:30  Probe (Chrono Boost)  
  15  0:41  Gateway  
  15  0:45  Probe (Chrono Boost)  
  16  1:00  Probe (Chrono Boost)  
  17  1:10  Probe (Chrono Boost)  
  18  1:12  Pylon  
  18  1:15  Pylon  
  18  1:21  Probe (Chrono Boost)  
  19  1:36  Cybernetics Core  
  19  1:37  Probe (Chrono Boost)  
  19  1:45  Pylon  
  19  1:47  Probe (Chrono Boost)  
  19  1:54  Assimilator  
  20  1:58  Probe (Chrono Boost)  
  21  2:06  Forge  
  22  2:15  Probe (Chrono Boost)  
  22  2:26  Mothership Core (Chrono Boost)  
  22  2:27  Warp Gate (Chrono Boost)  
  24  2:35  Adept  
  26  2:40  Photon Cannon  
  26  2:45  Probe (Chrono Boost)  
  27  2:56  Probe (Chrono Boost), Gateway  
  28  3:05  Adept  
  30  3:06  Probe (Chrono Boost)  
  30  3:12  Protoss Ground Weapons Level 1  
  31  3:18  Probe  
  32  3:30  Probe  
  32  3:32  Adept  
  35  3:36  Gateway  
  35  3:42  Probe  
  36  3:59  Pylon  
  36  4:01  Probe  
  33  4:44  Probe  
  32  4:56  Probe  
  33  5:00  Nexus  
  33  5:04  Gateway  
  33  5:05  Gateway  
  33  5:06  Gateway  
  33  5:08  Photon Cannon x2  
  33  5:12  Pylon  
  33  5:14  Pylon  
  33  5:20  Pylon, Assimilator  
  33  5:22  Probe  
  33  5:23  Assimilator  
  34  5:30  Protoss Ground Armor Level 1 (Chrono Boost)  
  34  6:12  Stalker x3  
  34  6:13  Stalker  
  34  6:16  Stalker  
  44  6:35  Twilight Council, Probe  
  44  6:37  Probe  
  46  6:47  Probe  
  46  6:48  Probe  
  48  6:58  Robotics Facility  
  48  7:00  Pylon  
  48  7:01  Probe  
  48  7:03  Probe  
  48  7:06  Blink (Chrono Boost)  
  50  7:11  Protoss Ground Weapons Level 2 (Chrono Boost)  
  50  7:30  Stalker x2  
  50  7:34  Probe  
  50  7:35  Probe  
  56  7:46  Probe  
  56  7:47  Probe  
  56  7:48  Immortal  
  62  7:58  Stalker  
  64  8:00  Stalker  
  66  8:19  Stalker x2  
  70  8:23  Pylon  
  70  8:27  Immortal  
  74  8:36  Probe  
  74  8:37  Probe  
  76  8:54  Robotics Facility  
  76  8:57  Pylon  
  76  9:00  Stalker x4  
  76  9:01  Stalker  
  86  9:24  Pylon  
  86  9:25  Probe  
  86  9:26  Probe  
  88  9:32  Immortal  
  92  9:41  Immortal  
  96  9:52  Protoss Ground Weapons Level 3 (Chrono Boost)  
  84  10:13  Stalker x2  
  79  10:14  Stalker x2  
  79  10:15  Stalker x2  
  69  10:31  Immortal  
  69  10:32  Immortal  
  77  10:54  Nexus  
  77  10:55  Pylon  
  77  10:57  Probe  
  77  10:58  Pylon  
  77  10:59  Probe  
  77  11:01  Pylon  
  79  11:04  Assimilator  
  79  11:08  Assimilator  
  79  11:27  Probe x2  
  79  11:30  Immortal x2, Templar Archives  
  89  11:32  Assimilator  
  89  12:09  Probe  
  89  12:11  Probe, Photon Cannon  
  89  12:12  Probe  
  92  12:17  Photon Cannon  
  92  12:19  Photon Cannon  
  92  12:22  Photon Cannon  
  92  12:30  Immortal  
  96  12:37  Photon Cannon  
  96  12:44  Protoss Ground Armor Level 2 (Chrono Boost)  
  96  12:45  Stalker x2  
  53  13:08  High Templar x5  
  53  13:12  Archon x2  
  44  13:24  Immortal x2  
  44  13:27  High Templar  
  46  13:39  Probe  
  47  13:42  High Templar x5  
  47  13:46  Archon x3  
  57  14:08  Observer  
  57  14:09  Immortal  
  34  14:48  High Templar x3  
  40  14:59  Archon  
Show
View Real Time Build Order
Export as new Build Order

Johnnyboy Zerg - Winner!

Build Orders: Hatch First, Lurkers 

Get SALT Encoding   

  12  0:01  Drone  
  13  0:09  Drone  
  14  0:17  Overlord  
  14  0:30  Extractor  
  14  0:31  Drone  
  15  0:37  Drone x2  
  17  0:58  Hatchery  
  17  1:03  Drone x2  
  18  1:06  Extractor  
  17  1:17  Spawning Pool  
  16  1:19  Drone  
  16  1:24  Drone  
  18  1:30  Drone  
  19  1:39  Drone  
  20  1:49  Overlord  
  20  2:10  Queen  
  20  2:12  Drone x2  
  24  2:16  Queen  
  24  2:19  Drone  
  27  2:30  Metabolic Boost  
  27  2:33  Zergling x4  
  27  2:35  Zergling x2  
  30  2:38  Zergling x2  
  31  3:03  Drone  
  31  3:04  Drone  
  33  3:09  Drone x3  
  36  3:16  Lair  
  36  3:20  Overlord x2  
  36  3:38  Roach Warren, Drone  
  36  3:40  Overlord  
  36  3:42  Drone x4  
  36  3:45  Extractor  
  39  4:12  Pneumatized Carapace  
  38  4:36  Drone x3  
  38  4:52  Spire  
  37  4:55  Extractor  
  37  4:57  Extractor  
  35  5:04  Drone x6  
  35  5:05  Drone  
  42  5:08  Hatchery  
  41  5:20  Drone  
  42  5:21  Drone x2  
  42  5:22  Drone x3, Hatchery  
  46  5:29  Hydralisk Den  
  46  5:32  Evolution Chamber  
  46  5:34  Evolution Chamber  
  43  5:36  Drone x4  
  43  5:41  Drone  
  48  5:59  Drone x3  
  51  6:04  Lurker Den  
  51  6:06  Hydralisk x3  
  51  6:07  Hydralisk  
  51  6:08  Extractor, Overlord  
  51  6:09  Extractor, Overlord  
  57  6:14  Overlord x4  
  57  6:28  Drone  
  57  6:31  Drone x2  
  60  6:36  Hydralisk x2  
  60  6:37  Hydralisk x3  
  70  6:45  Drone  
  71  6:48  Drone  
  71  6:51  Zerg Missile Weapons Level 1  
  71  6:52  Zerg Ground Armor Level 1  
  72  6:58  Infestation Pit, Drone  
  72  7:09  Hydralisk x2  
  72  7:10  Hydralisk x2  
  72  7:14  Drone x2  
  82  7:16  Drone  
  82  7:19  Drone x2  
  85  7:26  Drone  
  85  7:28  Overlord x2  
  86  7:37  Muscular Augments  
  86  7:42  Hive  
  86  7:45  Hydralisk x2  
  90  7:52  Hydralisk x2  
  94  8:05  Hydralisk  
  94  8:06  Hydralisk x4  
  104  8:14  Overlord x2  
  104  8:24  Drone x2  
  104  8:26  Extractor  
  105  8:27  Drone x3  
  105  8:28  Extractor  
  105  8:31  Hydralisk x2  
  111  8:43  Nydus Network  
  111  8:48  Zerg Missile Weapons Level 2  
  110  8:58  Ultralisk Cavern  
  109  9:03  Zerg Ground Armor Level 2  
  109  9:10  Drone x3  
  109  9:13  Hydralisk  
  109  9:14  Hydralisk x5  
  124  9:39  Nydus Canal  
  124  9:43  Hydralisk x3  
  124  9:44  Hydralisk x6  
  142  9:47  Overlord  
  124  10:15  Hydralisk x7  
  124  10:16  Hydralisk x2  
  112  10:30  Drone x2  
  112  10:31  Drone  
  112  10:33  Drone x2  
  117  10:39  Chitinous Plating  
  117  10:43  Hatchery  
  117  10:47  Overlord x2  
  116  11:17  Zerg Melee Weapons Level 1  
  116  11:19  Zerg Ground Armor Level 3  
  116  11:26  Ultralisk x2  
  116  11:27  Ultralisk  
  134  11:45  Ultralisk x2  
  146  11:52  Ultralisk  
  153  12:01  Lurker x2  
  153  12:02  Lurker x5  
  153  12:03  Lurker  
  153  12:04  Lurker x2  
  162  12:12  Drone  
  162  12:13  Drone  
  164  12:22  Drone  
  165  12:23  Overlord x2  
  165  12:24  Overlord x4  
  165  12:27  Extractor x2  
  117  13:21  Ultralisk x6  
  117  13:22  Ultralisk  
  159  13:31  Overseer x4  
  140  14:02  Ultralisk x4  
  164  14:17  Drone x3  
Tags
 
Composition
Lurkers
Matchup
PvZ
Replay Pack
All Mines
Spawn Locations
Cross Positions
Add a new tag
Caveats
  • Supply blocks, unpowered buildings, or Contaminate may cause inaccurate times.
  • Supply counts are checked every 10 seconds.